 Dungeon Crawl Stone Soup version 0.29-a0-541-gaf1fc19f1b (webtiles) character file.

Game seed: 3379277938442398361

45180 Anon1729 the Bludgeoner (level 15, -4/132 HPs)
             Began as a Meteoran Monk on June 3, 2022.
             Was a High Priest of Hepliaklqana.
             Slain by a seven-headed hydra (5 damage)
             ... on level 4 of the Lair of Beasts.
             The game lasted 00:37:00 (10661 turns).

Anon1729 the Bludgeoner (Meteoran Monk)            Turns: 10661, Time: 00:37:01

Health: -4/132     AC: 20    Str: 21    XL:     15   Next: 11%
Magic:  25/25      EV: 17    Int: 10    God:    Hepliaklqana [*****.]
Gold:   1040       SH:  0    Dex: 17    Spells: 14/14 levels left

rFire   + + .      SeeInvis +   a - +7 mace of Variability {chain chaos}
rCold   + . .      Faith    .   (shield currently unavailable)
rNeg    . . .      Spirit   .   b - +3 scale mail {rF+}
rPois   .          Reflect  .   (no helmet)
rElec   .          Harm     .   v - +2 cloak
rCorr   .          Rampage  .   F - +0 pair of gloves
Will    +....                   z - +2 pair of boots {Stlth+}
Stlth   +.........              k - amulet of regeneration
HPRegen 1.12/turn               D - ring of see invisible
MPRegen 0.19/turn               T - ring of protection from fire

@: about to teleport, glowing
A: reduced essence, sense surroundings 2, otherworldly, glowing, explore regen,
cold resistance 1, deterioration 1, dopey 1, robust 1
a: Renounce Religion, Recall Ancestor, Ancestor Identity, Transference, Idealise


You were on level 4 of the Lair of Beasts.
You worshipped Hepliaklqana.
Hepliaklqana was extremely pleased with you.
You visited 3 branches of the dungeon, and saw 19 of its levels.
You also visited: Sewer, Gauntlet and Volcano.

You collected 1495 gold pieces.
You spent 455 gold pieces at shops.

Inventory:

Hand Weapons
 a - the +7 mace of Variability (weapon) {chain chaos}
   (You took it off a minotaur in a Gauntlet)

   Each time it hits an enemy it has a different, random effect.
   It occasionally unleashes arcs of chaos on nearby creatures upon striking a
   foe.
 t - the +6 whip "Fig Idirhao" {spect, rF++ Int+4 Dex+4}
   (You found it on level 6 of the Dungeon)

   When its wielder attacks, the weapon's spirit leaps out and strikes again.
   The spirit shares a part of any damage it takes with its wielder.
   Int:       It affects your intelligence (+4).
   Dex:       It affects your dexterity (+4).
   rF:        It greatly protects you from fire.
Missiles
 A - 42 poisoned darts
 E - 5 throwing nets
 G - 13 curare-tipped darts (quivered)
Armour
 b - a +3 scale mail of fire resistance (worn)
 v - a +2 cloak (worn)
 z - a +2 pair of boots of stealth (worn)
 F - a +0 pair of gloves (worn)
 S - a +0 troll leather armour
Magical Staves
 c - a staff of earth
Jewellery
 k - an amulet of regeneration (around neck)
 D - a ring of see invisible (left hand)
 I - a +4 ring of protection
 K - a ring of resist corrosion
 Q - a ring of positive energy
 T - a ring of protection from fire (right hand)
 V - a ring of positive energy
 Y - a ring of fire
 Z - an amulet of guardian spirit
Wands
 q - a wand of digging (3)
 L - a wand of iceblast (8)
 P - a wand of paralysis (3)
 U - a wand of polymorph (5)
Scrolls
 d - 11 scrolls of teleportation
 f - a scroll of enchant armour
 g - 4 scrolls of amnesia
 h - 3 scrolls of summoning
 i - 5 scrolls of fear
 j - a scroll of blinking
 l - 2 scrolls of fog
 m - 2 scrolls of identify
 p - 4 scrolls of vulnerability
 w - 3 scrolls of immolation
 y - a scroll of torment
 O - 3 scrolls of poison
 R - 3 scrolls of enchant weapon
Potions
 e - a potion of mutation
 n - 2 potions of attraction {unknown}
 r - 4 potions of brilliance
 s - a potion of invisibility {unknown}
 u - 2 potions of ambrosia
 x - 2 potions of resistance
 B - 3 potions of flight
 C - 2 potions of cancellation
 H - 2 potions of haste
 J - a potion of magic
 M - 2 potions of lignification {unknown}
 X - a potion of curing
Miscellaneous
 o - a condenser vane (inert)
 W - a tin of tremorstones (inert)


   Skills:
 + Level 11.8 Fighting
 * Level 18.8 Maces & Flails
 + Level 12.2 Armour
 + Level 12.7 Dodging
 - Level 1.4 Stealth
 * Level 12.2 Invocations


You had 14 spell levels left.
You didn't know any spells.
Your spell library contained the following spells:

 Spells                   Type           Power      Damage    Failure   Level
 Necrotize                Necr           0%         1d4       63%         1
 Slow                     Hex            0%         N/A       63%         1
 Sting                    Tmut/Pois      0%         1d3       63%         1
 Blink                    Tloc           0%         N/A       77%         2
 Poisonous Vapours        Pois/Air       0%         N/A       77%         2
 Confusing Touch          Hex            0%         N/A       94%         3
 Dazzling Flash           Conj/Hex       0%         N/A       94%         3
 Vampiric Draining        Necr           0%         2d6       94%         3
 Olgreb's Toxic Radiance  Pois           0%         N/A       100%        4
 Agony                    Necr           0%         N/A       100%        5
 Blade Hands              Tmut           0%         N/A       100%        5
 Irradiate                Conj/Tmut      0%         3d13      100%        5
 Manifold Assault         Tloc           0%         N/A       100%        5
 Silence                  Hex/Air        0%         N/A       100%        5
 Dragon Form              Tmut           0%         N/A       100%        7
 Storm Form               Tmut/Air       0%         N/A       100%        7


Dungeon Overview and Level Annotations

Branches:
Dungeon (14/15)            Temple (1/1) D:7            Lair (4/6) D:8
 Shoals (0/4) Lair:2       Spider (0/4) Lair:3          Orc (0/2) D:10
  Sewer (visited)         Volcano (visited)         Gauntlet (visited)
 Vaults: D:13-14

Altars:
Ashenzari
Dithmenos
Elyvilon
Fedhas
Gozag
Hepliaklqana
Kikubaaqudgha
Makhleb
Nemelex Xobeh
Okawaru
Qazlal
Ru
Sif Muna
Trog
Uskayaw
Vehumet
Wu Jian
Xom
Yredelemnul
Zin
The Shining One

Shops:
D:5 [   D:7 ?   D:9 (   D:10 !

Annotations:
D:3 1 runed translucent door, NigelTetley's ghost, amateur OpTm
D:8 1 runed translucent door
D:13 1 exclusion


Innate Abilities, Weirdness & Mutations

Your life essence is reduced to manifest your ancestor. (-10% HP)
You passively map the area around you.
You are easily found by Zot.
You glow in the dark.
You regain HP and MP as you explore.
Your flesh is cold resistant. (rC+)
Your body sometimes deteriorates upon taking damage.
You are dopey. (Int -2)
You are robust. (+10% HP)


Message History

The seven-headed hydra closely misses you.
The seven-headed hydra completely misses you.
Okay, then.
You feel much better. The seven-headed hydra bites you.
* * * LOW HITPOINT WARNING * * *
The seven-headed hydra misses you.
The seven-headed hydra bites you but does no damage.
The seven-headed hydra bites you.
* * * LOW HITPOINT WARNING * * *
The seven-headed hydra misses you.
The seven-headed hydra bites you but does no damage. x2
The yak closely misses you.
Blink to where?
Press: ? - help, Dir - move target
As you read the scroll of blinking, it crumbles to dust.
You hear a roar!
Unknown command.
Unknown command.
As you read the scroll of teleportation, it crumbles to dust.
You feel strangely unstable. The seven-headed hydra bites you.
* * * LOW HITPOINT WARNING * * *
The seven-headed hydra barely misses you.
The seven-headed hydra bites you but does no damage. x3
The seven-headed hydra misses you.
The seven-headed hydra bites you but does no damage.
You feel better. The seven-headed hydra bites you.
* * * LOW HITPOINT WARNING * * *
The seven-headed hydra bites you but does no damage. x2
The seven-headed hydra completely misses you.
The seven-headed hydra bites you but does no damage.
The seven-headed hydra bites you!
* * * LOW HITPOINT WARNING * * *
The seven-headed hydra bites you but does no damage.
You feel better. The seven-headed hydra bites you!
* * * LOW HITPOINT WARNING * * *
The seven-headed hydra bites you but does no damage.
The seven-headed hydra bites you!
* * * LOW HITPOINT WARNING * * *
The seven-headed hydra bites you.
You die...

.# , # ,,
#S#.#.#♣♣♣.♣*, , .#*
,*#.# * #.#.#.#♣...♣#
.# *#.. ♣.#S#.#.###.#
, ,, ♣#, ,
.##$YF#♣.#.#.#.#.#.#
, .#
,..[$≈F...#Y#...#.'.#
♣# ,
.##YYS#♣.#D#.#R#.#.#,
, .# #..
♣.#h#.#.###.#, ,,,,,
.# , #.#
*,#.#D#.#♣...♣# , .#
, # , ,#.#@#.#♣♣♣.♣*
, .# * * #.#+#.#♣♣R♣♣
, ♣# , #♣...♣#♣.♣♣ ♣
* * * ♣♣.♣♣ ♣♣R♣ ,
###### ### *###** ,,
...... , , ,, ......,
,,, , , ......, ,, ,
, , , , ......, ,, ,,
,, ,


You could see 2 seven-headed hydras, a polar bear, a black mamba and a yak.

Vanquished Creatures
  A cacodemon (Gauntlet)
  A minotaur (Gauntlet)
  A great orb of eyes (Gauntlet)
  A boulder beetle (D:13)
  2 catoblepae
  2 centaur warriors (D:13)
  5 hydras
  Erica (D:10)
  2 two-headed ogres
  Nergalle (D:10)
  Lodul (D:10)
  A shadow demon (D:6)
  An orc knight (D:10)
  9 deep elf pyromancers
  3 ugly things
  2 cyclopes
  4 black mambas
  2 merfolk sirens (Lair:2)
  4 cane toads
  A torpor snail (Lair:4)
  Psyche (D:8)
  An unseen horror (D:12)
  8 komodo dragons
  A tengu conjurer (D:14)
  A kobold demonologist (D:10)
  A rime drake (Lair:4)
  2 polar bears (Lair:4)
  3 trolls
  2 merfolk (Lair:2)
  7 slime creatures
  13 blink frogs
  7 wyverns
  2 wraiths
  18 yaks
  4 fire elementals (Volcano)
  2 basilisks (Lair:1)
  A neqoxec (Gauntlet)
  Grum (D:10)
  3 hell hounds (Volcano)
  An acid dragon (D:8)
  3 water moccasins
  3 orc warriors (D:10)
  2 ice beasts
  A sky beast (D:6)
  Pargi (Sewer)
  9 ogres (D:10)
  11 wolves
  7 centaurs
  5 kobold brigands
  2 gnoll sergeants
  A necrophage (D:6)
  6 scorpions
  13 bullfrogs
  4 wights (D:6)
  8 killer bees
  8 howler monkeys
  5 electric eels
  A hound (D:6)
  A jelly (D:6)
  8 orc priests
  A gnoll shaman (D:3)
  A human skeleton (D:8)
  5 iguanas
  10 orc wizards
  6 adders
  12 gnolls
  3 shadow imps
  A white imp (D:7)
  2 ufetubi (D:5)
  3 worms
  3 dart slugs
  30 orcs
  5 endoplasms
  2 giant cockroaches (D:1)
  10 goblins
  13 hobgoblins
  5 quokkas
  7 ball pythons
  11 bats
  10 frilled lizards
  A jackal zombie (D:8)
  18 kobolds
  6 rats
  A bush (Lair:2)
389 creatures vanquished.

Vanquished Creatures (collateral kills)
  A deep elf archer (Volcano)
  A deep elf pyromancer (Volcano)
  An ugly thing (D:13)
  2 trolls
  A polar bear (Lair:4)
  A slime creature (D:12)
  3 blink frogs
  A basilisk (Lair:4)
  A wyvern (Lair:3)
  2 yaks
  A fire elemental (Volcano)
  A water moccasin (Lair:2)
  A hell hound (Volcano)
  2 wolves (Lair:4)
  2 bullfrogs (Lair:4)
  2 electric eels
  2 orc wizards (D:13)
  An orc (D:9)
  A kobold (D:9)
27 creatures vanquished.

Vanquished Creatures (others)
  A cane toad (Lair:3)
  9 battlemagi
  3 ancestors
  A fire vortex (Lair:2)
  3 fungi (Lair:3)
  47 plants
64 creatures vanquished.

Grand Total: 480 creatures vanquished

Notes
Turn   | Place    | Note
-------+----------+-------------------------------------------
     0 | D:1      | Anon1729 the Meteoran Monk began the quest for the Orb.
     0 | D:1      | Reached XP level 1. HP: 19/19 MP: 2/2
    55 | D:1      | Reached XP level 2. HP: 26/26 MP: 3/3
   345 | D:1      | Reached skill level 1 in Armour
   345 | D:1      | Reached XP level 3. HP: 29/31 MP: 4/4
   349 | D:1      | Found a faded altar of an unknown god.
   368 | D:1      | Prayed at the altar of an unknown god.
   368 | D:1      | Became a worshipper of Dithmenos the Shadowed
   368 | D:1      | Reached * piety under Dithmenos
   368 | D:1      | Reached ** piety under Dithmenos
   608 | D:2      | Reached *** piety under Dithmenos
   810 | D:2      | Reached XP level 4. HP: 39/39 MP: 5/5
   883 | D:2      | Reached skill level 5 in Maces & Flails
  1077 | D:2      | Glimpsed the power of Zot.
  1131 | D:3      | Found a runed translucent door.
  1238 | D:3      | Noticed a scorpion
  1271 | D:3      | HP: 2/40 [scorpion (3)]
  1273 | D:3      | Killed a scorpion
  1274 | D:3      | Reached XP level 5. HP: 11/46 MP: 6/6
  1347 | D:3      | Found a shadowy altar of Dithmenos.
  1367 | D:3      | Fell from the grace of Dithmenos
  1519 | D:3      | Noticed NigelTetley's ghost (amateur OpTm)
  1558 | D:3      | Reached XP level 6. HP: 50/52 MP: 7/7
  1579 | D:3      | Reached skill level 6 in Maces & Flails
  1664 | D:3      | Glimpsed the power of Zot.
  2042 | D:4      | Reached XP level 7. HP: 55/60 MP: 8/8
  2071 | D:4      | Reached skill level 5 in Dodging
  2178 | D:4      | Reached skill level 7 in Maces & Flails
  2250 | D:5      | Entered Level 5 of the Dungeon
  2315 | D:5      | Found Noit's Antique Armour Boutique.
  2344 | D:5      | Bought a pair of embroidered boots for 135 gold pieces
  2360 | D:5      | Noticed a gargoyle
  2360 | D:5      | Noticed a vampire
  2421 | D:5      | Reached skill level 5 in Fighting
  2431 | D:5      | Reached XP level 8. HP: 36/68 MP: 9/9
  2447 | D:6      | Found a glowing drain.
  2461 | Sewer    | Entered a sewer
  2505 | Sewer    | Noticed Pargi
  2514 | Sewer    | Killed Pargi
  2619 | D:6      | Reached skill level 8 in Maces & Flails
  2628 | D:6      | Noticed a shadow demon
  2699 | D:6      | Noticed a steam dragon
  2714 | D:6      | Killed a shadow demon
  2958 | D:6      | Reached skill level 9 in Maces & Flails
  2958 | D:6      | Gained mutation: You passively map the area around you.
                  | [Meteoran growth]
  2958 | D:6      | Reached XP level 9. HP: 67/75 MP: 10/10
  2960 | D:6      | Identified the +6 whip "Fig Idirhao" {spect, rF++ Int+4
                  | Dex+4}
  3015 | D:6      | Found a white marble altar of Elyvilon.
  3083 | D:6      | Reached skill level 5 in Armour
  3342 | D:6      | Found a glowing golden altar of the Shining One.
  3408 | D:7      | Reached skill level 10 in Maces & Flails
  3440 | D:7      | Found Plog's Magic Scroll Emporium.
  3444 | D:7      | Bought a scroll of fear for 56 gold pieces
  3444 | D:7      | Bought 3 scrolls of identify for 96 gold pieces
  3444 | D:7      | Bought a scroll of teleportation for 48 gold pieces
  3491 | D:7      | Found an ancient bone altar of Kikubaaqudgha.
  3525 | D:7      | Found an opulent altar of Gozag.
  3760 | D:7      | Found a staircase to the Ecumenical Temple.
  3782 | Temple   | Entered the Ecumenical Temple
  4173 | D:8      | Found a staircase to the Lair.
  4201 | D:8      | Reached XP level 10. HP: 84/84 MP: 11/11
  4222 | D:8      | Reached skill level 11 in Maces & Flails
  4336 | D:8      | Found a hazy altar of Hepliaklqana.
  4358 | D:8      | Became a worshipper of Hepliaklqana the Forgotten
  4456 | D:8      | Identified the +5 mace of Distraction {drain, rF+ Int+4}
  4623 | D:8      | Found a runed translucent door.
  4631 | D:8      | Found a basalt altar of Yredelemnul.
  4731 | D:8      | Noticed Psyche
  4755 | D:8      | Killed Psyche
  4756 | D:8      | Reached skill level 12 in Maces & Flails
  4924 | D:9      | Found Touq's Firing Range.
  4977 | D:9      | Reached * piety under Hepliaklqana
  5294 | D:9      | Reached XP level 11. HP: 69/84 MP: 12/12
  5316 | D:9      | Noticed a six-headed hydra
  5316 | D:9      | Noticed a centaur warrior
  5316 | D:9      | Noticed a tengu warrior
  5338 | D:10     | Entered Level 10 of the Dungeon
  5383 | D:10     | Reached skill level 13 in Maces & Flails
  5427 | D:10     | Found a staircase to the Orcish Mines.
  5447 | D:10     | Noticed Nergalle
  5508 | D:10     | Killed Nergalle
  5677 | D:10     | Noticed Erica
  5684 | D:10     | Killed Erica
  5685 | D:10     | Reached skill level 14 in Maces & Flails
  5692 | D:10     | Noticed Lodul
  5704 | D:10     | Killed Lodul
  5790 | D:10     | Reached skill level 10 in Dodging
  5902 | D:10     | Noticed Grum
  5923 | D:10     | Killed Grum
  5934 | D:10     | Reached XP level 12. HP: 89/93 MP: 13/13
  6000 | D:10     | Found Ryhirag's Distillery.
  6005 | D:10     | Bought a potion of haste for 120 gold pieces
  6126 | D:10     | Noticed an orc knight
  6146 | D:10     | Killed an orc knight
  6147 | D:10     | Reached skill level 1 in Invocations
  6328 | D:11     | Found a sacrificial altar of Ru.
  6346 | D:11     | Reached ** piety under Hepliaklqana
  6347 | D:11     | Remembered your ancestor Tenoch as a battlemage
  6416 | D:11     | Noticed a two-headed ogre
  6420 | D:11     | Killed a two-headed ogre
  6421 | D:11     | Reached skill level 15 in Maces & Flails
  6421 | D:11     | Noticed a six-headed hydra
  6427 | D:11     | Killed a six-headed hydra
  6434 | D:11     | Was forgiven by Dithmenos
  6438 | D:11     | Noticed a two-headed ogre
  6807 | D:12     | Noticed a deep elf pyromancer
  6815 | D:12     | Killed a deep elf pyromancer
  6816 | D:12     | Reached skill level 10 in Armour
  6816 | D:12     | Reached skill level 5 in Invocations
  7033 | D:12     | Identified the +0 leather armour "Wymonwuxt" {rPois Int+4}
  7044 | D:12     | Noticed a two-headed ogre
  7057 | D:12     | Killed a two-headed ogre
  7240 | D:11     | Reached skill level 10 in Fighting
  7553 | D:13     | Noticed a four-headed hydra
  7561 | D:13     | Killed a four-headed hydra
  7583 | D:13     | Reached *** piety under Hepliaklqana
  7626 | D:13     | Reached skill level 16 in Maces & Flails
  7626 | D:13     | Reached XP level 13. HP: 101/101 MP: 18/18
  7663 | D:13     | Noticed a vault guard
  7711 | D:13     | Noticed a vault guard
  7724 | D:13     | Noticed a boulder beetle
  7726 | D:13     | Noticed a centaur warrior
  7751 | D:13     | Killed a centaur warrior
  7762 | D:13     | Killed a boulder beetle
  7823 | D:13     | Noticed a centaur warrior
  7833 | D:13     | Killed a centaur warrior
  8131 | D:14     | Noticed a boulder beetle
  8434 | Lair:1   | Entered Level 1 of the Lair of Beasts
  8694 | Lair:1   | Reached **** piety under Hepliaklqana
  8695 | Lair:1   | Found a dark tunnel.
  8704 | Volcano  | Entered a volcano
  8735 | Volcano  | Reached skill level 17 in Maces & Flails
  8933 | Lair:1   | Reached XP level 14. HP: 109/109 MP: 22/22
  9169 | Lair:1   | Glimpsed the power of Zot.
  9198 | Lair:2   | Found a staircase to the Shoals.
  9223 | Lair:2   | Reached skill level 10 in Invocations
  9695 | Lair:3   | Reached ***** piety under Hepliaklqana
  9725 | Lair:3   | Found a hole to the Spider Nest.
  9777 | Lair:3   | Found a gate leading to a gauntlet.
  9784 | Gauntlet | Entered a Gauntlet
  9784 | Gauntlet | Found a transporter.
  9784 | Gauntlet | Found a transporter.
  9804 | Gauntlet | Found a transporter.
  9806 | Gauntlet | Found a transporter.
  9808 | Gauntlet | Noticed a cacodemon
  9821 | Gauntlet | Found a transporter.
  9837 | Gauntlet | Found a transporter.
  9852 | Gauntlet | Found a transporter.
  9859 | Gauntlet | Found a transporter.
  9863 | Gauntlet | Found a large runed translucent door.
  9863 | Gauntlet | Found a large runed translucent door.
  9864 | Gauntlet | Found a large runed translucent door.
  9864 | Gauntlet | Found a large runed translucent door.
  9865 | Gauntlet | Found a large runed translucent door.
  9865 | Gauntlet | Found a large runed translucent door.
  9865 | Gauntlet | Found a large runed translucent door.
  9865 | Gauntlet | Found a large runed translucent door.
  9866 | Gauntlet | Found a runed translucent door.
  9867 | Gauntlet | Found a runed translucent gate.
  9869 | Gauntlet | Found a transporter.
  9869 | Gauntlet | Found a runed translucent gate.
  9869 | Gauntlet | Found a transporter.
  9870 | Gauntlet | Found a runed translucent door.
  9870 | Gauntlet | Found a runed translucent gate.
  9873 | Gauntlet | Found a large runed translucent door.
  9873 | Gauntlet | Found a large runed translucent door.
  9873 | Gauntlet | Found a large runed translucent door.
  9873 | Gauntlet | Found a large runed translucent door.
  9874 | Gauntlet | Found a large runed translucent door.
  9874 | Gauntlet | Found a large runed translucent door.
  9875 | Gauntlet | Found a large runed translucent door.
  9875 | Gauntlet | Found a large runed translucent door.
  9876 | Gauntlet | Found a transporter.
  9930 | Gauntlet | Found a transporter.
  9992 | Gauntlet | Reached skill level 18 in Maces & Flails
 10041 | Gauntlet | Gained mutation: You are dopey. (Int -2) [a neqoxec]
 10047 | Gauntlet | Gained mutation: You are very dopey. (Int -4) [a neqoxec]
 10053 | Gauntlet | Gained mutation: You tend to lose your temper in combat. [a
                  | cacodemon]
 10057 | Gauntlet | Gained mutation: You sometimes lose the ability to read
                  | scrolls when taking damage. [a cacodemon]
 10062 | Gauntlet | Killed a cacodemon
 10063 | Gauntlet | Lost mutation: You sometimes lose the ability to read
                  | scrolls when taking damage. [potion of mutation]
 10063 | Gauntlet | Lost mutation: You are very dopey. (Int -4) [potion of
                  | mutation]
 10063 | Gauntlet | Lost mutation: You are dopey. (Int -2) [potion of mutation]
 10063 | Gauntlet | Gained mutation: You are dopey. (Int -2) [potion of
                  | mutation]
 10063 | Gauntlet | Gained mutation: You expend magic power (3 MP) to
                  | strengthen your wands. [potion of mutation]
 10064 | Gauntlet | Lost mutation: You tend to lose your temper in combat.
                  | [potion of mutation]
 10064 | Gauntlet | Lost mutation: You expend magic power (3 MP) to strengthen
                  | your wands. [potion of mutation]
 10064 | Gauntlet | Gained mutation: You sometimes lose the ability to read
                  | scrolls when taking damage. [potion of mutation]
 10064 | Gauntlet | Gained mutation: You are partially covered in large bone
                  | plates. (SH +4) [potion of mutation]
 10064 | Gauntlet | Gained mutation: Your magical capacity is low. (-10% MP)
                  | [potion of mutation]
 10064 | Gauntlet | Gained mutation: Your flesh is cold resistant. (rC+)
                  | [potion of mutation]
 10065 | Gauntlet | Lost mutation: Your magical capacity is low. (-10% MP)
                  | [potion of mutation]
 10065 | Gauntlet | Lost mutation: You sometimes lose the ability to read
                  | scrolls when taking damage. [potion of mutation]
 10065 | Gauntlet | Lost mutation: You are partially covered in large bone
                  | plates. (SH +4) [potion of mutation]
 10065 | Gauntlet | Gained mutation: Your body sometimes deteriorates upon
                  | taking damage. [potion of mutation]
 10065 | Gauntlet | Gained mutation: You are robust. (+10% HP) [potion of
                  | mutation]
 10104 | Gauntlet | Noticed a minotaur
 10114 | Gauntlet | Killed a minotaur
 10523 | Lair:4   | Reached XP level 15. HP: 113/132 MP: 23/25
 10656 | Lair:4   | HP: 4/132 [seven-headed hydra (13)]
 10661 | Lair:4   | HP: 1/132 [seven-headed hydra (9)]
 10661 | Lair:4   | Slain by a seven-headed hydra

Illustrated notes

Levels and vault maps discovered:
D:1:      lemuel_arrival_broad_hall, layout_basic,
          hellmonk_ecumenical_altar_lost_god, minmay_tetromino_s4
D:2:      minmay_recursive_quarters, layout_loops_ring
D:3:      layout_basic, nicolae_dithmenos_shadow_blocks, ebering_ghost_sewer_d,
          minivault_14
D:4:      layout_basic, kennysheep_potato
D:5:      layout_cave_pools, cheibriados_altar_1, serial_shops,
          kennysheep_little_box
D:6:      layout_basic, nicolae_tso_swordbearing_angel,
          mainiacjoe_overflow_surrounded_room, cheibrodos_sewer_entry_sluice,
          dk_vineyard_3, minmay_statues_item
D:7:      layout_rooms, grunt_temple_overflow_open,
          minmay_temple_entry_statues_pillars, serial_shops, kennysheep_mini,
          serial_bayou, serial_bayou_crossing, serial_bayou_ford_a,
          serial_bayou_pond_d, serial_bayou_pond_a, serial_bayou_pond_e,
          serial_bayou_lake_a, sigmund_army, uniq_crazy_yiuf_cottage
D:8:      layout_basic, dk_yredelemnul_ordeal, lemuel_doored_altar,
          lair_entry_dummy, enter_bailey_5, wad_floor_pattern_2, uniq_psyche
D:9:      layout_loops_cross, nicolae_shop_firing_range
D:10:     cheibrodos_orc_bank, layout_basic, serial_shops,
          nicolae_shop_hallway_plus, uniq_grum, uniq_erica, uniq_nergalle,
          uniq_lodul
D:11:     layout_roguey, nicolae_ru_sacrificial_ziggurat
D:12:     layout_basic
D:13:     layout_grid_maze, grunt_vaults_entry_fortified
D:14:     layout_basic, nemelex_lonely_heart_becter, uniq_louise
Temple:   minmay_temple_curvy_branch
Lair:1:   layout_gridlike, enter_volcano_1
Lair:2:   layout_gridlike, elwin_shoals_entry_stream, basic_altar,
          minmay_hedge_maze
Lair:3:   layout_small_grid, spider_nest_entry_web_field,
          gauntlet_entry_generic, eino_house_with_fridge
Lair:4:   nzn_winding_woodlands_huge [nzn_winding_woodlands_5x15_river_crossing,
          nzn_winding_woodlands_5x15_parted,
          nzn_winding_woodlands_5x15_pathside_ponds,
          nzn_winding_woodlands_5x15_concentric,
          nzn_winding_woodlands_5x15_split_checker,
          nzn_winding_woodlands_5x15_pool,
          nzn_winding_woodlands_5x15_lazy_stream,
          nzn_winding_woodlands_5x15_sidewinder,
          nzn_winding_woodlands_5x15_cabin,
          nzn_winding_woodlands_5x15_longhouse,
          nzn_winding_woodlands_center_pierced_h,
          nzn_winding_woodlands_center_garden,
          nzn_winding_woodlands_15x15_killbox], layout_regular_city

Skill      XL: |  1  2  3  4  5  6  7  8  9 10 11 12 13 14 |
---------------+-------------------------------------------+-----
Armour         | 1 2 3 4 6 7 9 10 11 12 | 12.2
Dodging        | 4 5 6 7 8 10 11 12 | 12.7
Maces & Flails | 5 6 7 9 10 12 14 16 17 18 | 18.8
Fighting       | 4 5 6 8 9 10 11 | 11.8
Invocations    | 6 9 12 | 12.2
Stealth        | |  1.4

Action                   |  1- 3 |  4- 6 |  7- 9 | 10-12 | 13-15 || total
-------------------------+-------+-------+-------+-------+-------++-------
Melee: Mace              |   103 |   172 |   322 |       |       ||   597
       Punch             |       |     4 |     6 |     7 |     4 ||    21
       Whip              |       |       |    87 |   567 |   340 ||   994
       Great mace        |       |       |       |       |    99 ||    99
Throw: Dart              |       |     3 |     6 |       |     3 ||    12
Invok: Renounce Religion |       |     1 |       |       |       ||     1
       Recall Ancestor   |       |       |       |     2 |     3 ||     5
       Ancestor Life: Ba |       |       |       |     1 |       ||     1
Evoke: Wand              |       |       |     1 |     5 |     7 ||    13
       Tin of tremorston |       |       |       |       |     2 ||     2
       Condenser vane    |       |       |       |       |     1 ||     1
  Use: Potion            |       |     3 |     6 |       |     9 ||    18
       Scroll            |       |       |    10 |     5 |     8 ||    23
 Stab: Invisible         |       |     1 |       |       |       ||     1
       Distracted        |       |       |     2 |     7 |    11 ||    20
       Paralysed         |       |       |       |     2 |       ||     2
Armor: Scale mail        |    71 |    76 |   267 |    11 |    70 ||   495
       Acid dragon scale |       |       |       |    49 |       ||    49
       Troll leather arm |       |       |       |    69 |    55 ||   124
Dodge: Dodged            |    69 |    98 |   289 |   281 |   269 ||  1006

Table legend: (Time is in decaauts)
 A = Elapsed time spent in this place.
 B = Non-inter-level travel time spent in this place.
 C = Inter-level travel time spent in this place.
 D = Time resting spent in this place.
 E = Time spent auto-exploring this place.
 F = Levels seen in this place.
 G = Mean time per level.
                   A        B        C        D        E       F      G
               +--------+--------+--------+--------+--------+-----+--------+
         Total |  10242 |   9440 |    802 |      0 |   5553 |  22 |  465.5 |
       Dungeon |   7828 |   7186 |    642 |      0 |   4556 |  14 |  559.1 |
        Temple |    204 |    112 |     92 |      0 |      0 |   1 |  204.0 |
          Lair |   1563 |   1495 |     68 |      0 |    930 |   4 |  390.8 |
         Sewer |    155 |    155 |      0 |      0 |     17 |   1 |  155.0 |
       Volcano |    178 |    178 |      0 |      0 |     49 |   1 |  178.0 |
      Gauntlet |    311 |    311 |      0 |      0 |      0 |   1 |  311.0 |
               +--------+--------+--------+--------+--------+-----+--------+

Top non-repeatable levels by time:
    D:10: 881 daAuts
    D:12: 837 daAuts
     D:6: 796 daAuts
     D:8: 742 daAuts
     D:2: 653 daAuts
     D:3: 647 daAuts
    D:13: 617 daAuts
     D:7: 530 daAuts
     D:4: 522 daAuts
  Lair:1: 510 daAuts
     D:1: 470 daAuts
  Lair:3: 447 daAuts
     D:9: 438 daAuts
    D:11: 435 daAuts
  Lair:2: 327 daAuts
